 Dungeon Crawl Stone Soup version 0.21.1-1-g345015f (webtiles) character file.

12265 Golfball the Cleaver (level 11, -2/102 HPs)
             Began as a Minotaur Berserker on Apr 5, 2018.
             Was an Elder of Trog.
             Slain by an orc
             ... wielding the +9 dagger of Kypsiny {pierce, Int+3}
              (16 damage)
             ... on level 11 of the Dungeon.
             The game lasted 00:32:27 (11621 turns).

Golfball the Cleaver (Minotaur Berserker)          Turns: 11621, Time: 00:32:28

Health: -2/102     AC: 12    Str: 24    XL:     11   Next: 60%
Magic:  13/13      EV: 12    Int:  6    God:    Trog [****..]
Gold:   553        SH:  0    Dex: 13    Spells: 10/10 levels left

rFire    + + .     SeeInvis .   i - +11 broad axe "Goblinslayer" {freeze, rF+ Stlth+}
rCold    . . .     Gourm    .   (no shield)
rNeg     . . .     Faith    .   h - +0 chain mail
rPois    .         Spirit   .   (helmet restricted)
rElec    .         Reflect  .   u - +1 cloak
rCorr    .         Harm     .   (no gloves)
MR       .....                  (no boots)
Stlth    ..........             (no amulet)
HPRegen  0.27/turn              q - +4 ring of dexterity (curse)
MPRegen  0.13/turn              H - ring of protection from fire

@: lethally poisoned (-2 -> -2), berserk cooldown, slowed, very slow
A: retaliatory headbutt, horns 2
a: Berserk, Trog's Hand, Brothers in Arms, Burn Spellbooks, Renounce Religion


You were on level 11 of the Dungeon.
You worshipped Trog.
Trog was greatly pleased with you.
You were hungry.

You visited 1 branch of the dungeon, and saw 11 of its levels.
You also visited: Ossuary.

You collected 553 gold pieces.

Inventory:

Hand Weapons
 a - a +1 hand axe
 b - a +0 hunting sling
 i - the +11 broad axe "Goblinslayer" (weapon) {freeze, rF+ Stlth+}
   (You took it off a frost giant on level 11 of the Dungeon)

   It has been specially enchanted to freeze those struck by it, causing extra
   injury to most foes and up to half again as much damage against particularly
   susceptible opponents.
   It can also slow down cold-blooded creatures.
   It protects you from fire.
   It makes you more stealthy.
 D - a +2 flail of holy wrath
 F - a +1 battleaxe of freezing
 I - the +8 whip "Miraothro" {slash, rF+ rC+}
   (You took it off a kobold on level 10 of the Dungeon)

   It inflicts extra damage upon your enemies.
   It protects you from fire.
   It protects you from cold.
Missiles
 e - 301 stones
 j - 4 tomahawks of returning (quivered)
 v - 147 sling bullets
 B - 8 javelins of penetration
Armour
 f - a +2 plate armour of cold resistance
 h - a +0 chain mail (worn)
 u - a +1 cloak (worn)
Jewellery
 q - a cursed +4 ring of dexterity (left hand)
 H - a ring of protection from fire (right hand)
Wands
 n - a wand of random effects (75)
 p - a wand of polymorph (23)
 x - a wand of clouds (5)
Scrolls
 d - a scroll of remove curse
 k - a scroll of magic mapping
 o - 2 scrolls of teleportation
 y - 2 scrolls of identify
 E - a scroll of fog
 G - 2 scrolls of enchant armour
Potions
 g - 2 potions of flight
 l - 3 potions of ambrosia
 m - a potion of haste
 r - a potion of magic {unknown}
 t - 3 potions of heal wounds
 w - 6 potions of curing
 z - 2 potions of mutation {unknown}
 A - a potion of agility {unknown}
 C - 4 potions of lignification
Miscellaneous
 J - a phial of floods
Comestibles
 c - 4 rations
 s - 3 chunks of flesh


   Skills:
 - Level 11.1 Fighting
 + Level 12.6 Axes
 - Level 4.9(7.0) Slings
 - Level 7.0(7.6) Throwing
 - Level 7.0 Armour
 - Level 7.0 Dodging
 + Level 4.1 Evocations


You had 10 spell levels left.
You didn't know any spells.

Dungeon Overview and Level Annotations

Branches:
Dungeon (11/15)            Temple (0/1) D:7            Lair (0/6) D:9
    Orc: D:9-12

Altars:
Cheibriados
Dithmenos
Elyvilon
Hepliaklqana
Kikubaaqudgha
Makhleb
Nemelex Xobeh
Okawaru
Qazlal
Ru
Trog
Uskayaw
Yredelemnul
The Shining One
Beogh


Innate Abilities, Weirdness & Mutations

You reflexively headbutt those who attack you in melee.
You have a pair of horns on your head.


Message History

You open the door.
You feel sick.
The orc hits you with a translucent dagger {pierce}.
The orc hits you but does no damage.
You feel sick.
There is an open door here.
The orc closely misses you. You furiously retaliate!
You headbutt the orc.
You feel sick.
The orc knight roars a battlecry!
The orc goes into a battle-frenzy!
The orc hits you with a translucent dagger {pierce}!
You feel sick.
You feel sick. The orc hits you but does no damage.
You feel sick.
The orc hits you with a translucent dagger {pierce}!
* * * LOW HITPOINT WARNING * * *
x2 The big kobold misses you.
Some of the chunks of flesh in your inventory have rotted away.
You feel sick.
The orc hits you with a translucent dagger {pierce}!
You die...

#. #. .. ### #. ..#
#. #.# ..####. #.#
.......#+## #.#
##<..## #.#
##.)@..## #.#
##..Ko...## ##.###
#....o.(..####....#
+.........'.......#
#.>..K....####....#
##.......## ##.#.##
##..o..## ##...#
##...## #...# ##'##
#...#


You could see 2 orc knights, a big kobold, an orc and a kobold.

Vanquished Creatures
  A frost giant (D:11)
  Snorg (D:10)
  Erica (D:8)
  2 two-headed ogres
  Urug (D:10)
  Pikel (D:8)
  An ugly thing (D:11)
  A gargoyle (D:10)
  2 rime drakes (D:11)
  A polar bear (D:11)
  Prince Ribbit (D:8)
  2 hippogriffs
  Grum (D:8)
  A hungry ghost (D:7)
  3 wargs (D:9)
  3 orc warriors
  5 ice beasts
  3 slaves (D:8)
  2 phantoms (D:5)
  A sky beast (D:9)
  A black bear (D:8)
  4 ogres
  4 centaurs
  3 wolves (D:8)
  A crocodile (D:9)
  A big kobold (D:9)
  5 bullfrogs
  A wyvern zombie (D:11)
  A wyvern skeleton (D:9)
  6 killer bees (D:7)
  2 scorpions
  7 wights
  4 crimson imps
  2 centaur zombies (D:6)
  2 hounds
  A bullfrog zombie (D:5)
  4 orc priests
  5 jellies
  6 orc wizards
  A human zombie (Ossuary)
  2 bullfrog skeletons
  Terence (D:2)
  An iguana (D:9)
  8 worker ants
  3 big kobold zombies (Ossuary)
  A hound skeleton (D:7)
  5 mummies (Ossuary)
  2 worker ant zombies
  7 adders
  2 shadow imps
  8 oozes (D:3)
  An adder skeleton (D:9)
  2 adder zombies
  A worm (D:2)
  A dart slug (D:3)
  5 leopard geckos
  45 orcs
  A ball python (D:4)
  A bat (D:1)
  A bat zombie (D:1)
  3 giant cockroaches
  11 goblins
  A hobgoblin (D:2)
  4 jackals (D:4)
  A quokka (D:9)
  3 frilled lizards
  2 goblin zombies (D:7)
  A hobgoblin zombie (Ossuary)
  20 kobolds
  3 orc zombies (Ossuary)
  11 rats
253 creatures vanquished.

Vanquished Creatures (others)
  6 toadstools (D:3)
6 creatures vanquished.

Grand Total: 259 creatures vanquished

Notes
Turn   | Place    | Note
-------+----------+-------------------------------------------
     0 | D:1      | Golfball the Minotaur Berserker began the quest for the Orb.
     0 | D:1      | Reached XP level 1. HP: 19/19 MP: 0/0
    18 | D:1      | Reached skill level 4 in Axes
   333 | D:1      | Reached XP level 2. HP: 26/26 MP: 1/1
   824 | D:2      | Noticed Terence
   832 | D:2      | Reached skill level 5 in Axes
   962 | D:2      | Reached XP level 3. HP: 31/31 MP: 2/2
  1019 | D:2      | Found a stormy altar of Qazlal.
  1042 | D:2      | Killed Terence
  1115 | D:2      | Reached ** piety under Trog
  1457 | D:3      | Reached skill level 6 in Axes
  1457 | D:3      | Reached XP level 4. HP: 33/39 MP: 3/3
  1762 | D:3      | Reached skill level 7 in Axes
  1762 | D:3      | Reached XP level 5. HP: 41/45 MP: 4/4
  1767 | D:3      | Reached skill level 1 in Throwing
  2542 | D:4      | Reached XP level 6. HP: 39/53 MP: 5/5
  2797 | D:4      | Reached skill level 5 in Fighting
  2891 | D:4      | Reached *** piety under Trog
  3334 | D:5      | Entered Level 5 of the Dungeon
  3736 | D:5      | Reached XP level 7. HP: 62/62 MP: 6/6
  4102 | D:5      | Found a white marble altar of Elyvilon.
  4104 | D:5      | Found a hide-covered altar of Uskayaw.
  4131 | D:5      | Found an ancient bone altar of Kikubaaqudgha.
  4145 | D:5      | Found a snail-covered altar of Cheibriados.
  4145 | D:5      | Found a burning altar of Makhleb.
  4145 | D:5      | Found a hazy altar of Hepliaklqana.
  4145 | D:5      | Found an iron altar of Okawaru.
  4350 | D:5      | Found a glowing golden altar of the Shining One.
  4351 | D:5      | Found a shadowy altar of Dithmenos.
  4353 | D:5      | Found a basalt altar of Yredelemnul.
  4930 | D:5      | Reached skill level 5 in Throwing
  4951 | D:5      | Found a sacrificial altar of Ru.
  4964 | D:5      | Found a bloodstained altar of Trog.
  5225 | D:6      | Reached XP level 8. HP: 23/73 MP: 7/7
  5614 | D:6      | Reached skill level 8 in Axes
  6001 | D:6      | Received a gift from Trog
  6318 | D:7      | Found a sand-covered staircase.
  6334 | Ossuary  | Entered an ossuary
  6376 | Ossuary  | Reached **** piety under Trog
  6562 | Ossuary  | Received a gift from Trog
  6577 | Ossuary  | Reached skill level 9 in Axes
  6953 | D:7      | Reached XP level 9. HP: 75/79 MP: 8/8
  6994 | D:7      | Found a staircase to the Ecumenical Temple.
  7494 | D:8      | Noticed a two-headed ogre
  7503 | D:8      | Killed a two-headed ogre
  7503 | D:8      | Reached skill level 10 in Axes
  7643 | D:8      | Noticed Erica
  7663 | D:8      | Killed Erica
  7663 | D:8      | Reached skill level 10 in Fighting
  7663 | D:8      | Reached skill level 11 in Axes
  7905 | D:8      | Received a gift from Trog
  7910 | D:8      | Reached XP level 10. HP: 94/94 MP: 9/9
  7945 | D:8      | Noticed Grum
  7957 | D:8      | Noticed Prince Ribbit
  8334 | D:8      | Killed Prince Ribbit
  8660 | D:8      | Killed Grum
  8799 | D:8      | Noticed Pikel
  8816 | D:8      | Killed Pikel
  8816 | D:8      | Reached skill level 5 in Armour
  9066 | D:8      | Received a gift from Trog
  9070 | D:8      | Reached skill level 1 in Slings
 10228 | D:9      | Found a staircase to the Lair.
 10276 | D:10     | Entered Level 10 of the Dungeon
 10468 | D:10     | Noticed Urug
 10479 | D:10     | Killed Urug
 10479 | D:10     | Reached skill level 5 in Dodging
 10631 | D:10     | Noticed a gargoyle
 10639 | D:10     | Killed a gargoyle
 10639 | D:10     | Reached XP level 11. HP: 102/102 MP: 10/10
 10749 | D:10     | Noticed Snorg
 10757 | D:10     | Killed Snorg
 10903 | D:10     | Got an encrusted whip {slash}
 10904 | D:10     | Identified the +8 whip "Miraothro" {slash, rF+ rC+} (You took it off a kobold on level 10 of the Dungeon)
 11164 | D:10     | Found a sparkling altar of Nemelex Xobeh.
 11216 | D:11     | Noticed a two-headed ogre
 11217 | D:11     | Received a gift from Trog
 11225 | D:11     | Killed a two-headed ogre
 11225 | D:11     | Reached skill level 1 in Evocations
 11389 | D:11     | Noticed a frost giant
 11409 | D:11     | Killed a frost giant
 11409 | D:11     | Reached skill level 12 in Axes
 11417 | D:11     | Got the broad axe "Goblinslayer" {freeze}
 11562 | D:11     | Identified the +11 broad axe "Goblinslayer" {freeze, rF+ Stlth+} (You took it off a frost giant on level 11 of the Dungeon)
 11589 | D:11     | Noticed an orc knight
 11590 | D:11     | Found a roughly hewn altar of Beogh.
 11590 | D:11     | Noticed a green ugly thing
 11596 | D:11     | Noticed an orc knight
 11596 | D:11     | Killed a green ugly thing
 11621 | D:11     | Identified the +9 dagger of Kypsiny {pierce, Int+3}
 11621 | D:11     | Slain by an orc

Skill      XL: |  1  2  3  4  5  6  7  8  9 10 11 |
---------------+----------------------------------+-----
Axes           | 4 5 6 7 9 11 12 | 12.6
Fighting       | 4 5 7 10 11 | 11.1
Throwing       | 2 3 5 7 |  7.0
Armour         | 3 7 |  7.0
Slings         | 4 |  4.9
Dodging        | 5 7 |  7.0
Evocations     | 4 |  4.1

Action                   |  1- 3 |  4- 6 |  7- 9 | 10-12 || total
-------------------------+-------+-------+-------+-------++-------
Melee: Hand axe          |    62 |   149 |   329 |   179 ||   719
       Headbutt          |    10 |    21 |    65 |    70 ||   166
       Flail             |       |       |       |    40 ||    40
       Battleaxe         |       |       |       |    97 ||    97
       Broad axe         |       |       |       |     4 ||     4
Invok: Berserk           |       |     1 |     9 |     8 ||    18
       Trog's Hand       |       |       |     1 |     1 ||     2
       Burn Spellbooks   |       |       |     2 |     2 ||     4
  Use: Scroll            |       |     5 |    17 |     1 ||    23
  Eat: Chunk             |     2 |     3 |     9 |     6 ||    20
       Ration            |       |     2 |     4 |     4 ||    10
Armor: Chain mail        |    22 |    61 |   108 |   135 ||   326
       Animal skin       |     3 |       |       |       ||     3
Dodge: Dodged            |    29 |    65 |    92 |   148 ||   334
